 Dungeon Crawl Stone Soup version 0.20-a0-855-gd83b866 (webtiles) character file.

1687169 AllHailThrall the Conqueror (level 27, 273/273 HPs)
             Began as a Minotaur Berserker on Mar 11, 2017.
             Was the Champion of Trog.
             Escaped with the Orb
             ... and 3 runes on Mar 12, 2017!
             The game lasted 04:50:09 (73127 turns).

AllHailThrall the Conqueror (Minotaur Berserker)   Turns: 73127, Time: 04:50:10

Health: 273/273    AC: 42    Str: 30    XL:     27
Magic:  26/26      EV: 28    Int:  4    God:    Trog [******]
Gold:   4792       SH:  4    Dex: 23    Spells: 26/26 levels left

rFire    + . .     SeeInvis +   b - +8 triple crossbow (flame)
rCold    + . .     Gourm    .   L - +4 gold dragon scales
rNeg     . . .     Faith    .   (shield currently unavailable)
rPois    +         Spirit   .   u - +1 hat
rElec    .         Reflect  +   i - +0 cloak "Itzilo" {Regen+ Str+8}
rCorr    .         Harm     .   t - +3 pair of gauntlets of War {Slay+5}
MR       ++...     Rnd*Rage +   G - +2 pair of boots {run}
Stlth    ..........             H - +4 amulet of reflection
Regen    1.0/turn               N - +3 ring of evasion
MPRegen  0.2/turn               T - ring of see invisible

@: quick
A: retaliatory headbutt, horns 2, berserk 1, blink, mutation resistance 1
0: Orb of Zot
}: 3/15 runes: decaying, silver, gossamer
a: Blink, Berserk, Trog's Hand, Brothers in Arms, Burn Spellbooks, Renounce
Religion


You escaped.
You worshipped Trog.
Trog was exalted by your worship.
You were very hungry.

You visited 8 branches of the dungeon, and saw 46 of its levels.
You also visited: Ossuary and Volcano.

You collected 7828 gold pieces.
You spent 3036 gold pieces at shops.

Inventory:

Hand Weapons
 a - the +9 battleaxe of Ydigec {chop, rPois rC+++ MR- Dex+4}
   (Trog gifted it to you on level 4 of the Spider Nest)

   It inflicts extra damage upon your enemies.
   It affects your dexterity (+4).
   It renders you almost immune to cold.
   It protects you from poison.
   It affects your resistance to hostile enchantments.
 b - a +8 triple crossbow of flaming (weapon)
 x - a +6 arbalest of velocity
 J - the +7 battleaxe "Ruawueck" {venom, rElec MR- Int+2}
   (Trog gifted it to you on level 9 of the Dungeon)

   It poisons the flesh of those it strikes.
   It affects your intelligence (+2).
   It insulates you from electricity.
   It affects your resistance to hostile enchantments.
 R - a +8 arbalest of flaming
Missiles
 P - 2160 bolts (quivered)
Armour
 i - the +0 cloak "Itzilo" (worn) {Regen+ Str+8}
   (You bought it in a shop on level 2 of the Orcish Mines)

   It affects your strength (+8).
   It increases your rate of regeneration.
 t - the +3 pair of gauntlets of War (worn) {Slay+5}
   (You acquired it on level 5 of the Depths)

   It affects your accuracy and damage with ranged weapons and melee attacks
   (+5).
 u - a +1 hat (worn)
 G - a +2 pair of boots of running (worn)
 L - +4 gold dragon scales (worn)
Jewellery
 h - an uncursed ring of flight
 H - a +4 amulet of reflection (around neck)
 N - a +3 ring of evasion (right hand)
 T - a ring of see invisible (left hand)
Wands
 j - a wand of scattershot (2/9)
 q - a wand of digging (15/24)
 z - a wand of lightning (5/15)
 U - a wand of clouds (5/9)
Scrolls
 e - 3 scrolls of magic mapping
 p - 4 scrolls of fog
 v - 3 scrolls of identify
 A - 31 scrolls of teleportation
 B - 6 scrolls of blinking
 C - 3 scrolls of recharging
 D - a scroll of summoning
 F - 2 scrolls of silence
 K - 19 scrolls of remove curse
 Y - 4 scrolls of fear
Potions
 d - 5 potions of heal wounds
 f - 4 potions of invisibility
 g - 5 potions of might
 l - 6 potions of lignification
 w - 20 potions of curing
 E - 3 potions of flight
 M - 8 potions of resistance
 Q - 7 potions of mutation
 S - 8 potions of brilliance
Miscellaneous
 m - 4 phantom mirrors
Comestibles
 c - 21 bread rations
 n - 49 fruits
 r - 17 meat rations
 s - 20 royal jellies


   Skills:
 O Level 27 Fighting
 - Level 20.0 Axes
 - Level 26.0 Crossbows
 + Level 26.1 Armour
 + Level 23.9 Dodging
 - Level 5.6 Evocations


You had 26 spell levels left.
You didn't know any spells.

Dungeon Overview and Level Annotations

Branches:
Dungeon (15/15)            Temple (0/1) D:4            Lair (6/6) D:10
  Swamp (4/4) Lair:2       Spider (4/4) Lair:3        Slime (0/5) Lair:6
    Orc (2/2) D:11            Elf (0/3) Orc:2        Vaults (5/5) D:13
  Crypt (0/3) Vaults:2     Depths (5/5) D:15            Zot (5/5) Depths:5

Altars:
Ashenzari
Cheibriados
Fedhas
Hepliaklqana
Kikubaaqudgha
Makhleb
Okawaru
Qazlal
Ru
Sif Muna
Trog
Uskayaw
Wu Jian
Xom
Yredelemnul
Zin
Beogh
Lugonu

Shops:
D:13 :   Orc:2 [?[=   Vaults:1 *   Vaults:3 %   Vaults:4 (   Zot:4 *
Depths:1 !=}=   Depths:2 (}(   Depths:3 =?

Portals:
Hell: Depths:1 Depths:2 Depths:3 Depths:4 Depths:5
Abyss: Depths:4 Depths:5
Pandemonium: Depths:3
Ziggurat: Depths:2

Annotations:
D:15 exclusion: Roxanne, Roxanne
Lair:4 exclusion: ice statue


Innate Abilities, Weirdness & Mutations

You reflexively headbutt those who attack you in melee.
You have a pair of horns on your head.
You tend to lose your temper in combat.
You can translocate small distances at will.
You are somewhat resistant to further mutation.


Message History

Firing (i - inventory):
P - 2161 bolts (quivered)
Press: ? - help, Shift-Dir - straight line, f - you Really target yourself?
Okay, then.
A large abomination comes into view.
Firing (i - inventory):
P - 2161 bolts (quivered)
Press: ? - help, Shift-Dir - straight line, f - large abomination
Aim: a large abomination You shoot a bolt.
The bolt hits the large abomination!!!
The bolt burns the large abomination.
You destroy the large abomination!
Trog accepts your kill.
Firing (i - inventory):
P - 2160 bolts (quivered)
Press: ? - help, Shift-Dir - straight line, f - you
Okay, then.
A rat comes into view.
The rat moves out of view.
You see here a robe.
There is a staircase leading out of the dungeon here.
You have escaped!

#...[...## #.# ##.## #
#.###.### #.# #####...### #.#
#.# ######.# #........## #.#
#.# #......# #.###...### #.#
#.# ##.....## ### ##.## #
#.###.###....8.##############
#.##...#......§≈≈§##.........
#.##.........§≈§§§###########
####.......8..8@§≈§§>#
#................§≈≈≈#
#.##.>)...........≈≈≈#
#.#####...##....8.#### #.#
#...###.....###### #.# ###.#
##.........# #.# #.#
##.######## ##.#######.# #.#
...........# #.#


There were no monsters in sight!

Vanquished Creatures
  3 ancient liches (Zot:5)
  6 orbs of fire (Zot:5)
  2 juggernauts (Depths:2)
  the Lernaean hydra (Swamp:4)
  A curse toe (Zot:3)
  Frederick (Depths:5)
  2 Killer Klowns (Zot:5)
  Jory (Vaults:5)
  13 golden dragons
  2 bone dragons (Depths:5)
  Arachne (Spider:2)
  A Brimstone Fiend (Zot:1)
  4 electric golems
  Jorgrun (Spider:2)
  Rupert (Lair:4)
  26 Orb Guardians
  21 tentacled monstrosities
  6 liches
  5 titans
  10 quicksilver dragons
  8 death cobs
  5 sphinxes
  An ancient champion (Vaults:2)
  2 thorn hunters (Swamp:3)
  6 draconian monks
  21 storm dragons
  11 shadow dragons
  8 tengu reavers
  8 draconian scorchers
  A balrug (Zot:1)
  7 ghost moths
  8 frost giants
  6 fire giants
  An orc warlord (Vaults:4)
  2 draconian knights
  18 vault wardens
  3 deep elf sorcerers
  A cacodemon (Depths:3)
  4 draconian shifters
  4 spriggan defenders (Depths:2)
  An emperor scorpion (Spider:4)
  Louise (D:15)
  A ghoul (Vaults:1)
  13 draconian annihilators
  2 draconian stormcallers
  A reaper (Depths:3)
  2 deep elf elementalists (Vaults:5)
  3 war gargoyles (Vaults:5)
  12 ironheart preservers
  28 stone giants
  67 very ugly things
  9 green draconians
  8 entropy weavers
  2 vampire knights (Depths:2)
  2 lorocyprocas
  Nessos (D:14)
  The ghost of HilariousDeathArtist the Grappler, a journeyman TrNe of Qazlal (D:15)
  11 red draconians
  2 deep elf annihilators
  14 black draconians
  10 spark wasps
  12 white draconians
  A dire elephant (D:15)
  9 purple draconians
  13 yellow draconians
  14 ettins
  The ghost of mg7810 the Severer, a journeyman HOFi of Qazlal (Orc:2)
  A green death (Zot:1)
  7 jiangshi
  A merfolk impaler (Depths:1)
  A minotaur (shapeshifter) (Vaults:3)
  A deep elf death mage (Vaults:5)
  11 great orbs of eyes
  20 yaktaur captains
  41 vault guards
  6 deep elf high priests
  9 fire dragons
  10 ogre magi
  7 rakshasas
  14 ice dragons
  5 spriggan air magi
  2 ghost crabs
  27 hydras
  15 centaur warriors
  32 two-headed ogres
  11 alligators
  5 death knights
  A catoblepas (Lair:5)
  15 deep troll shamans
  4 tengu warriors
  A queen ant (Spider:1)
  3 vampire magi
  26 death yaks
  A large abomination (D:1)
  Urug (Lair:2)
  9 deep troll earth magi
  10 spriggan berserkers
  11 orc high priests
  2 soul eaters
  Sonja (D:15)
  4 deep elf knights (Vaults:2)
  A sun demon (Depths:3)
  2 sixfirhies
  5 iron trolls
  A fire crab (Lair:6)
  A sea snake (shapeshifter) (Vaults:4)
  3 flayed ghosts
  12 hell knights
  7 skeletal warriors
  48 deep trolls
  3 unseen horrors
  A spriggan druid (Swamp:4)
  10 swamp dragons
  4 wizards
  4 glowing orange brains
  23 orc knights
  The ghost of sargx the Skirmisher, a novice GrFi of Hepliaklqana (D:9)
  4 phantasmal warriors (Vaults:5)
  19 ironbrand convokers
  19 orb spiders
  6 deep elf archers
  A wolf spider zombie (D:15)
  4 necromancers
  58 ugly things
  2 orc sorcerers
  9 harpies
  4 manticores
  11 deep elf magi
  4 oklob plants (Lair:2)
  2 salamanders
  24 wolf spiders
  A manticore (shapeshifter) (Depths:2)
  10 cyclopes
  17 elephants
  19 vault sentinels
  29 moths of wrath
  An eye of devastation (shapeshifter) (Depths:2)
  5 black mambas
  2 gargoyles (D:13)
  A smoke demon (Depths:5)
  A guardian serpent (shapeshifter) (Vaults:5)
  3 rust devils (Depths:3)
  A torpor snail (shapeshifter) (Vaults:2)
  The ghost of Gorgondantess the Conjurer, a novice DsFE of Sif Muna (D:4)
  2 centaur skeletons
  3 torpor snails
  33 spiny frogs
  A hellion (Depths:3)
  An orange demon (Depths:3)
  A rime drake (Lair:6)
  64 yaktaurs
  A kobold demonologist (D:13)
  A komodo dragon (shapeshifter) (Vaults:3)
  A yaktaur (shapeshifter) (Vaults:5)
  3 hellwings
  4 efreet
  19 demonic crawlers
  11 freezing wraiths
  8 komodo dragons
  7 tengu conjurers
  An ice devil (Depths:3)
  A polar bear (shapeshifter) (Depths:1)
  3 red devils
  A queen bee (Lair:3)
  43 jumping spiders
  8 trolls
  21 hornets
  2 polar bears
  2 queen bees (shapeshifter)
  A jumping spider (shapeshifter) (Vaults:4)
  16 tyrant leeches
  A meliai (shapeshifter) (Depths:2)
  32 slime creatures
  5 hippogriffs
  2 raiju (shapeshifter)
  25 blink frogs
  18 bog bodies
  74 redbacks
  7 air elementals
  3 vampires
  2 ynoxinuls (Depths:3)
  15 spriggans
  5 shadows
  A spriggan (shapeshifter) (Depths:4)
  A wraith (D:14)
  A yak (shapeshifter) (Vaults:5)
  26 tarantellas
  5 fire elementals (Volcano)
  4 wyverns
  3 fire bats (Lair:4)
  A basilisk (shapeshifter) (D:14)
  41 yaks
  29 vampire mosquitoes
  Eustachio (D:6)
  A hungry ghost (D:14)
  4 basilisks
  10 wargs
  A yaktaur simulacrum (Vaults:3)
  3 soldier ants
  An acid dragon (D:13)
  A floating eye (Depths:4)
  7 porcupines
  A porcupine (shapeshifter) (Vaults:4)
  Duvessa (D:7)
  53 orc warriors
  13 water moccasins
  A black bear (D:9)
  11 swamp worms
  An elf zombie (Vaults:4)
  8 ice beasts
  3 phantoms
  4 sky beasts
  A hornet zombie (D:9)
  19 swamp drakes
  2 eyes of draining (shapeshifter)
  24 wolves
  A necrophage (D:8)
  33 ogres
  7 boggarts
  3 eyes of draining
  17 centaurs
  A tengu (shapeshifter) (Vaults:5)
  10 crocodiles
  3 big kobolds (D:13)
  35 bullfrogs
  Dowan (D:7)
  4 scorpions
  24 killer bees (Lair:3)
  13 wights
  3 electric eels
  2 howler monkeys
  A bullfrog zombie (D:6)
  4 crimson imps
  2 quasits
  5 centaur zombies
  2 bullfrog skeletons (D:12)
  8 hounds
  10 jellies
  46 orc priests
  A gnoll shaman (D:9)
  Jessica (D:2)
  Ijyb (D:2)
  6 iguanas
  23 orc wizards
  19 worker ants
  Terence (D:2)
  A hound zombie (D:5)
  2 hound skeletons
  A howler monkey zombie (D:5)
  3 mummies (Ossuary)
  3 worker ant zombies
  5 gnolls (D:9)
  9 adders
  3 shadow imps
  2 white imps (Lair:4)
  5 oozes (D:8)
  An adder skeleton (D:8)
  4 adder zombies
  6 worms
  3 leopard geckos
  141 orcs
  A ball python (D:4)
  6 giant cockroaches
  A gnoll zombie (Ossuary)
  8 goblins
  9 hobgoblins
  5 jackals
  7 kobolds
  6 quokkas
  5 bats
  4 frilled lizards (D:1)
  A giant cockroach zombie (D:6)
  6 goblin zombies (Ossuary)
  3 hobgoblin zombies (Ossuary)
  3 kobold zombies (Ossuary)
  A leopard gecko zombie (D:5)
  An orc zombie (Ossuary)
  2 quokka skeletons (D:6)
  A quokka zombie (Ossuary)
  13 rats
  A rat zombie (Ossuary)
  A fire vortex (Volcano)
  3 fungi
  8 plants
2476 creatures vanquished.

Vanquished Creatures (others)
  2 moths of wrath
  A jumping spider (Spider:1)
  A swamp drake (Swamp:4)
  A leopard gecko (D:5)
  An orc (D:5)
  2 bushes (D:10)
  A fire vortex (Volcano)
  38 fungi
  43 plants
90 creatures vanquished.

Grand Total: 2566 creatures vanquished

Notes
Turn   | Place    | Note
-------+----------+-------------------------------------------
     0 | D:1      | AllHailThrall the Minotaur Berserker began the quest for the Orb.
     0 | D:1      | Reached XP level 1. HP: 19/19 MP: 0/0
   166 | D:1      | Reached XP level 2. HP: 27/27 MP: 1/1
   348 | D:1      | Reached skill level 4 in Fighting
   654 | D:1      | You fall through a shaft!
   668 | D:2      | Noticed Terence
   673 | D:2      | Killed Terence
   673 | D:2      | Reached XP level 3. HP: 33/33 MP: 2/2
  1083 | D:2      | Noticed Ijyb
  1104 | D:2      | Killed Ijyb
  1104 | D:2      | Reached ** piety under Trog
  1104 | D:2      | Reached XP level 4. HP: 41/41 MP: 3/3
  1271 | D:2      | Noticed Jessica
  1276 | D:2      | Killed Jessica
  1331 | D:2      | Reached skill level 5 in Axes
  1622 | D:1      | Reached XP level 5. HP: 47/47 MP: 4/4
  2618 | D:3      | Reached skill level 5 in Fighting
  2773 | D:3      | Found an ancient bone altar of Kikubaaqudgha.
  2810 | D:3      | Reached XP level 6. HP: 47/56 MP: 5/5
  2978 | D:3      | Found a blossoming altar of Fedhas.
  3072 | D:4      | Found an iron altar of Okawaru.
  3155 | D:4      | Noticed Gorgondantess's ghost (novice DsFE)
  3166 | D:4      | Reached *** piety under Trog
  3183 | D:4      | Killed Gorgondantess's ghost
  3183 | D:4      | Reached XP level 7. HP: 61/61 MP: 6/6
  3275 | D:4      | Found a shattered altar of Ashenzari.
  3414 | D:4      | Reached skill level 5 in Armour
  3560 | D:4      | Found a staircase to the Ecumenical Temple.
  3626 | D:4      | Reached skill level 6 in Fighting
  3944 | D:5      | Entered Level 5 of the Dungeon
  4142 | D:5      | Found a glowing silver altar of Zin.
  4164 | D:5      | Found a basalt altar of Yredelemnul.
  4694 | D:5      | Found a burning altar of Makhleb.
  4696 | D:5      | Found a hide-covered altar of Uskayaw.
  4803 | D:5      | Reached XP level 8. HP: 68/71 MP: 7/7
  4957 | D:6      | Reached skill level 5 in Dodging
  5102 | D:6      | Found a sand-covered staircase.
  5110 | Ossuary  | Entered an ossuary
  5300 | Ossuary  | Reached **** piety under Trog
  5468 | D:6      | Reached skill level 7 in Fighting
  5478 | D:6      | Noticed Eustachio
  5490 | D:6      | Killed Eustachio
  6557 | D:7      | Noticed Duvessa
  6574 | D:7      | Killed Duvessa
  6574 | D:7      | Reached skill level 1 in Crossbows
  6574 | D:7      | Reached XP level 9. HP: 76/79 MP: 8/8
  6575 | D:7      | Noticed Dowan
  6584 | D:7      | Killed Dowan
  6772 | D:7      | Found an ornate altar of the Wu Jian Council.
  6783 | D:7      | Found a snail-covered altar of Cheibriados.
  6804 | D:7      | Found a shimmering altar of Xom.
  6804 | D:7      | Found a sacrificial altar of Ru.
  7387 | D:8      | Found a hazy altar of Hepliaklqana.
  7860 | D:8      | Reached skill level 10 in Axes
  8141 | D:8      | Reached skill level 8 in Fighting
  8171 | D:8      | Reached ***** piety under Trog
  8673 | D:9      | Noticed sargx's ghost (novice GrFi)
  8680 | D:9      | Killed sargx's ghost
  8929 | D:9      | Noticed a two-headed ogre
  8933 | D:9      | Killed a two-headed ogre
  8933 | D:9      | Reached skill level 5 in Crossbows
  8933 | D:9      | Reached XP level 10. HP: 89/89 MP: 9/9
  9229 | D:9      | Found a stormy altar of Qazlal.
  9462 | D:9      | Received a gift from Trog
  9470 | D:9      | Got a brightly glowing battleaxe {god gift}
  9752 | D:9      | Identified the +7 battleaxe "Ruawueck" {venom, rElec MR- Int+2} (Trog gifted it to you on level 9 of the Dungeon)
 10243 | D:10     | Entered Level 10 of the Dungeon
 10688 | D:10     | Reached skill level 9 in Fighting
 11239 | D:10     | Found a staircase to the Lair.
 11258 | D:10     | Noticed a centaur warrior
 11267 | D:10     | Killed a centaur warrior
 11267 | D:10     | Reached XP level 11. HP: 72/96 MP: 10/10
 11691 | Lair:1   | Entered Level 1 of the Lair of Beasts
 11785 | Lair:1   | Found a bloodstained altar of Trog.
 11967 | Lair:1   | Noticed a four-headed hydra
 11971 | Lair:1   | Killed a four-headed hydra
 13049 | Lair:2   | Found a staircase to the Swamp.
 13242 | Lair:2   | Noticed an oklob plant
 13242 | Lair:2   | Noticed an oklob plant
 13244 | Lair:2   | Noticed an oklob plant
 13246 | Lair:2   | Noticed an oklob plant
 13260 | Lair:2   | Killed an oklob plant
 13267 | Lair:2   | Killed an oklob plant
 13267 | Lair:2   | Reached skill level 10 in Fighting
 13279 | Lair:2   | Killed an oklob plant
 13286 | Lair:2   | HP: 3/99 [acid (7)]
 13291 | Lair:2   | Killed an oklob plant
 13959 | Lair:2   | Noticed Urug
 13965 | Lair:2   | Killed Urug
 13965 | Lair:2   | Reached skill level 10 in Armour
 14131 | Lair:2   | Reached XP level 12. HP: 82/107 MP: 11/11
 14571 | Lair:3   | Received a gift from Trog
 14967 | Lair:3   | Noticed an eight-headed hydra
 14976 | Lair:3   | Killed an 11-headed hydra
 14976 | Lair:3   | Reached skill level 10 in Crossbows
 15679 | Lair:3   | Received a gift from Trog
 15926 | Lair:3   | Found a hole to the Spider Nest.
 16129 | Lair:3   | Noticed a death yak
 16137 | Lair:3   | Killed a death yak
 16231 | Lair:4   | Noticed a death yak
 16231 | Lair:4   | Noticed a death yak
 16233 | Lair:4   | Noticed a death yak
 16235 | Lair:4   | Noticed a death yak
 16245 | Lair:3   | Killed a death yak
 16246 | Lair:3   | Killed a death yak
 16246 | Lair:3   | Reached skill level 11 in Fighting
 16519 | Lair:3   | Killed a death yak
 16520 | Lair:3   | Killed a death yak
 16786 | Lair:4   | Noticed Rupert
 16801 | Lair:4   | Killed Rupert
 16801 | Lair:4   | Reached XP level 13. HP: 46/116 MP: 12/12
 17159 | Lair:4   | Received a gift from Trog
 18955 | Lair:5   | Reached skill level 15 in Axes
 18961 | Lair:5   | Reached skill level 10 in Dodging
 19369 | Lair:6   | Entered Level 6 of the Lair of Beasts
 19445 | Lair:6   | Received a gift from Trog
 20050 | Lair:6   | Reached XP level 14. HP: 64/125 MP: 13/13
 20052 | Lair:6   | Reached skill level 12 in Fighting
 21187 | Lair:6   | Received a gift from Trog
 21266 | Lair:6   | Found a staircase to the Slime Pits.
 21988 | Lair:6   | Reached ****** piety under Trog
 22307 | Lair:6   | Received a gift from Trog
 23217 | Lair:2   | You fall through a shaft for 2 floors!
 23828 | D:11     | Found a staircase to the Orcish Mines.
 24155 | D:11     | Reached XP level 15. HP: 134/134 MP: 14/14
 24723 | D:11     | Received a gift from Trog
 24881 | Orc:1    | Entered Level 1 of the Orcish Mines
 25033 | Orc:2    | Entered Level 2 of the Orcish Mines
 25033 | Orc:2    | Found a roughly hewn altar of Beogh.
 25056 | Orc:2    | Found a dark tunnel.
 25066 | Volcano  | Entered a volcano
 25775 | Orc:2    | Reached skill level 13 in Fighting
 25917 | Orc:2    | Found a staircase to the Elven Halls.
 26053 | Orc:2    | Noticed mg7810's ghost (journeyman HOFi)
 26418 | Orc:2    | Received a gift from Trog
 26495 | Orc:2    | Killed mg7810's ghost
 26796 | Orc:2    | Received a gift from Trog
 27423 | Orc:2    | Found Lumpakeu's Armour Boutique.
 27423 | Orc:2    | Found Helekifuwk's Magic Scroll Emporium.
 27427 | Orc:2    | Bought a +2 plate armour of fire resistance for 640 gold pieces
 27459 | Orc:2    | Found a roughly hewn altar of Beogh.
 27477 | Orc:2    | Found Xunahen's Antique Armour Boutique.
 27657 | Orc:2    | Found Soamul's Jewellery Emporium.
 27811 | Orc:2    | Bought an uncursed ring of poison resistance for 280 gold pieces
 27846 | Orc:2    | Bought a +1 pair of boots of running for 584 gold pieces
 27911 | Orc:2    | Bought a brightly glowing cloak for 313 gold pieces
 27951 | Orc:2    | Bought a scroll of identify for 30 gold pieces
 27951 | Orc:2    | Bought a scroll of identify for 30 gold pieces
 27951 | Orc:2    | Bought a scroll of enchant weapon for 112 gold pieces
 27952 | Orc:2    | Identified the cursed +0 cloak "Itzilo" {Regen+ Str+8} (You bought it in a shop on level 2 of the Orcish Mines)
 28387 | D:12     | Found a roughly hewn altar of Beogh.
 28470 | D:12     | Received a gift from Trog
 28858 | D:12     | Received a gift from Trog
 29322 | D:13     | Found a gate to the Vaults.
 29372 | D:13     | Reached skill level 15 in Crossbows
 29524 | D:13     | Found Heitail's Book Shoppe.
 30173 | D:14     | Noticed Nessos
 30177 | D:14     | Killed Nessos
 30332 | D:14     | Received a gift from Trog
 30574 | D:14     | Reached XP level 16. HP: 145/145 MP: 15/15
 30989 | D:14     | Received a gift from Trog
 31323 | D:15     | Entered Level 15 of the Dungeon
 31323 | D:15     | Noticed Sonja
 31329 | D:15     | Killed Sonja
 31523 | D:15     | Noticed Roxanne
 31668 | D:15     | Reached skill level 14 in Fighting
 31812 | D:15     | Found a staircase to the Depths.
 31890 | D:15     | Noticed HilariousDeathArtist's ghost (journeyman TrNe)
 31896 | D:15     | Killed HilariousDeathArtist's ghost
 31997 | D:15     | Noticed Louise
 32009 | D:15     | Killed Louise
 32214 | D:15     | Found a deep blue altar of Sif Muna.
 32723 | Orc:2    | Bought an uncursed ring of flight for 245 gold pieces
 32870 | Swamp:1  | Entered Level 1 of the Swamp
 32875 | Swamp:1  | Received a gift from Trog
 33008 | Swamp:1  | Reached skill level 1 in Evocations
 34518 | Swamp:2  | Received a gift from Trog
 35037 | Swamp:3  | Got a coiled lead ring
 35039 | Swamp:3  | Identified the ring "Ragal" {Fire MR- Str+3 Slay+3} (You found it on level 3 of the Swamp)
 35061 | Swamp:3  | Received a gift from Trog
 35253 | Swamp:3  | Noticed a thorn hunter
 35262 | Swamp:3  | Killed a thorn hunter
 35509 | Swamp:3  | Reached XP level 17. HP: 154/154 MP: 18/18
 36071 | Swamp:4  | Entered Level 4 of the Swamp
 36161 | Swamp:4  | Received a gift from Trog
 36364 | Swamp:4  | Noticed the 27-headed Lernaean hydra
 36408 | Swamp:4  | Killed the 27-headed Lernaean hydra
 36408 | Swamp:4  | Reached skill level 5 in Evocations
 36625 | Swamp:4  | Got a decaying rune of Zot
 36661 | Swamp:4  | Got a jewelled chain mail
 36820 | Swamp:4  | Identified the +3 chain mail of the Barracuda {Dex+3} (You found it on level 4 of the Swamp)
 37585 | Spider:1 | Entered Level 1 of the Spider Nest
 37647 | Spider:1 | Got a heavily runed chain mail
 37845 | Spider:1 | Received a gift from Trog
 38063 | Spider:1 | Received a gift from Trog
 38826 | Spider:1 | Received a gift from Trog
 38951 | Spider:2 | Noticed Arachne
 38968 | Spider:2 | Killed Arachne
 38968 | Spider:2 | Reached skill level 15 in Fighting
 39670 | Spider:2 | Reached skill level 15 in Armour
 39709 | Spider:2 | Reached XP level 18. HP: 163/163 MP: 21/21
 39846 | Spider:2 | Noticed Jorgrun
 39867 | Spider:2 | Killed Jorgrun
 40285 | Spider:3 | Received a gift from Trog
 41073 | Spider:3 | Identified the cursed +1 chain mail of Syokyl {rC+ rN++ Dex+4 Slay+2} (You found it on level 1 of the Spider Nest)
 41348 | Spider:4 | Entered Level 4 of the Spider Nest
 41592 | Spider:4 | Received a gift from Trog
 41722 | Spider:4 | Got an ancient battleaxe {god gift}
 41731 | Spider:4 | Identified the +9 battleaxe of Ydigec {chop, rPois rC+++ MR- Dex+4} (Trog gifted it to you on level 4 of the Spider Nest)
 42102 | Spider:4 | Got a gossamer rune of Zot
 42962 | Spider:4 | Received a gift from Trog
 43661 | Vaults:1 | Entered Level 1 of the Vaults
 43787 | Vaults:1 | Found Ulier's Assorted Antiques.
 43954 | Vaults:1 | Reached skill level 16 in Fighting
 44442 | Vaults:1 | Received a gift from Trog
 44448 | Vaults:1 | Reached XP level 19. HP: 154/172 MP: 22/22
 44454 | Vaults:1 | Paralysed by a great orb of eyes for 4 turns
 45000 | Vaults:2 | Found a staircase to the Crypt.
 45105 | Vaults:2 | Paralysed by a great orb of eyes for 5 turns
 45413 | Vaults:2 | Reached skill level 15 in Dodging
 45484 | Vaults:2 | Received a gift from Trog
 46245 | Vaults:2 | Received a gift from Trog
 47320 | Vaults:3 | Reached skill level 17 in Fighting
 47322 | Vaults:3 | Received a gift from Trog
 47749 | Vaults:3 | Found Aschiuxeu's Food Emporium.
 47856 | Vaults:3 | Reached XP level 20. HP: 142/184 MP: 23/23
 48200 | Vaults:3 | Identified a scroll of acquirement
 48201 | Vaults:3 | Got an ancient hat
 48202 | Vaults:3 | Identified the +2 hat "Alele" {Str-2 SInv Stlth+} (You acquired it on level 3 of the Vaults)
 48669 | Depths:1 | Entered Level 1 of the Depths
 48784 | Depths:1 | Received a gift from Trog
 49025 | Depths:1 | Got a steaming turquoise ring
 49027 | Depths:1 | Identified the ring "Nidoted Ypo" {rF+ Stlth+} (You found it on level 1 of the Depths)
 49069 | Depths:1 | Found a gateway to Hell.
 49143 | Depths:1 | Found Voifior's Jewellery Emporium.
 49162 | Depths:1 | Found Zashriy's Gadget Boutique.
 49165 | Depths:1 | Found Uwko's Jewellery Emporium.
 49300 | Depths:1 | Found Hacejaf's Distillery.
 49651 | Depths:1 | Received a gift from Trog
 49662 | Depths:1 | Reached skill level 18 in Fighting
 49707 | Depths:1 | Found a corrupted altar of Lugonu.
 50139 | Depths:1 | Received a gift from Trog
 50806 | Depths:2 | Found a gateway to a ziggurat.
 51209 | Depths:2 | Found Herif's Weapon Emporium.
 51211 | Depths:2 | Found Kioleuj's Gadget Shoppe.
 51214 | Depths:2 | Found Haugeg's Antique Weapon Emporium.
 51225 | Depths:2 | Bought a runed arbalest for 202 gold pieces
 51234 | Depths:2 | Bought a phantom mirror for 600 gold pieces
 51271 | Depths:2 | Reached XP level 21. HP: 195/195 MP: 24/24
 51537 | Depths:2 | Received a gift from Trog
 51639 | Depths:2 | Paralysed by something for 4 turns
 51797 | Depths:2 | Received a gift from Trog
 51802 | Depths:2 | Got a warped battleaxe {god gift}
 51944 | Depths:2 | Noticed a juggernaut
 51954 | Depths:2 | Killed a juggernaut
 51996 | Depths:2 | Reached skill level 19 in Fighting
 52444 | Depths:2 | Got a warped wooden ring
 53028 | Depths:2 | Noticed a golden dragon
 53033 | Depths:2 | Killed a golden dragon
 53152 | Depths:2 | Identified the +8 battleaxe of Strategic Superiority {chop, Str+4} (Trog gifted it to you on level 2 of the Depths)
 53157 | Depths:2 | Identified the ring of Greater Demons {rC+ MR+} (You took it off a necromancer on level 2 of the Depths)
 53241 | Depths:2 | Noticed a juggernaut
 53250 | Depths:2 | Killed a juggernaut
 53250 | Depths:2 | Received a gift from Trog
 53341 | Depths:2 | Reached XP level 22. HP: 168/206 MP: 25/25
 53403 | Depths:2 | Got a slimy lead amulet
 53541 | Depths:3 | Gained mutation: You are weak. (Str -2) [a cacodemon]
 54136 | Depths:3 | Found Socwud's Magic Scroll Emporium.
 54221 | Depths:3 | Received a gift from Trog
 54244 | Depths:3 | Found a one-way gate leading to the halls of Pandemonium.
 54656 | Depths:3 | Found Dokk's Jewellery Shop.
 54806 | Depths:3 | Reached skill level 20 in Fighting
 55262 | Depths:3 | Received a gift from Trog
 55956 | Depths:4 | Identified the amulet "Niroeq" {Faith rF+ Dex+6} (You took it off a spriggan on level 2 of the Depths)
 56019 | Depths:4 | Got a vibrating diamond amulet
 56112 | Depths:4 | Found a one-way gate to the infinite horrors of the Abyss.
 56225 | Depths:4 | Received a gift from Trog
 56594 | Depths:4 | Reached XP level 23. HP: 214/217 MP: 26/26
 56884 | Depths:4 | You fall through a shaft!
 56884 | Depths:5 | Entered Level 5 of the Depths
 57693 | Depths:5 | Noticed Frederick
 57697 | Depths:5 | Killed Frederick
 57962 | Depths:5 | Received a gift from Trog
 58222 | Depths:5 | Found a gate to the Realm of Zot.
 59449 | Vaults:4 | Got a twisted cloak
 59718 | Vaults:4 | Found Seoss's Weapon Emporium.
 60003 | Vaults:4 | Reached skill level 21 in Fighting
 60195 | Vaults:4 | Received a gift from Trog
 60583 | Vaults:4 | Received a gift from Trog
 60938 | Vaults:4 | Identified the +1 cloak of the Arcane {rPois rN+ MR+ Dex+2} (You found it on level 4 of the Vaults)
 60950 | Vaults:4 | Got a pair of shimmering boots
 60962 | Vaults:4 | Identified the +2 pair of boots of Niv Luon {Str+4 SInv} (You acquired it on level 4 of the Vaults)
 61221 | Vaults:5 | Entered Level 5 of the Vaults
 61233 | Vaults:5 | Reached XP level 24. HP: 223/228 MP: 26/26
 61572 | Vaults:4 | Received a gift from Trog
 61873 | Vaults:5 | Noticed Jory
 62057 | Vaults:5 | Reached skill level 22 in Fighting
 62067 | Vaults:5 | Killed Jory
 62499 | Vaults:5 | Received a gift from Trog
 62563 | Vaults:5 | Got a jasper-encrusted ring mail
 62565 | Vaults:5 | Identified the amulet of Raboaqou {Faith rElec rC- Int+6} (You found it on level 4 of the Depths)
 62575 | Vaults:5 | Identified the +5 ring mail of Fexuodo {Dex+7} (You found it on level 5 of the Vaults)
 62665 | Vaults:5 | Got a silver rune of Zot
 63044 | Vaults:5 | Got a warped tin ring
 63129 | Vaults:5 | Reached XP level 25. HP: 231/238 MP: 26/26
 63134 | Vaults:5 | Got a translucent bone amulet
 63253 | Vaults:5 | Received a gift from Trog
 63404 | Vaults:5 | Identified the ring "Byumud" {rPois Stlth+} (You took it off a deep elf annihilator on level 5 of the Vaults)
 63410 | Vaults:5 | Identified the amulet "Ehiere Reps" {Spirit Str+2 Dex-2 Slay+2} (You took it off a vault sentinel on level 5 of the Vaults)
 63528 | Vaults:5 | Received a gift from Trog
 64291 | Zot:1    | Entered Level 1 of the Realm of Zot
 64787 | Zot:1    | Reached skill level 23 in Fighting
 64978 | Zot:1    | Received a gift from Trog
 66052 | Zot:1    | Reached skill level 24 in Fighting
 66402 | Zot:1    | Received a gift from Trog
 66426 | Zot:1    | Got an encrusted hand crossbow
 66430 | Zot:1    | Identified the +5 hand crossbow of Couruit {freeze, rN+ Dex+3} (You found it on level 1 of the Realm of Zot)
 67059 | Zot:2    | Reached XP level 26. HP: 190/255 MP: 26/26
 68405 | Zot:3    | Reached skill level 25 in Fighting
 69111 | Zot:4    | Found Nuolo's Changing Room.
 69345 | Zot:4    | Received a gift from Trog
 70024 | Zot:5    | Entered Level 5 of the Realm of Zot
 70300 | Zot:5    | Noticed an ancient lich
 70309 | Zot:5    | Killed an ancient lich
 70309 | Zot:5    | Reached skill level 26 in Fighting
 70395 | Zot:5    | Noticed an ancient lich
 70404 | Zot:5    | Killed an ancient lich
 70524 | Zot:5    | Received a gift from Trog
 70534 | Zot:5    | Reached XP level 27. HP: 138/269 MP: 26/26
 71054 | Zot:5    | Noticed an ancient lich
 71066 | Zot:5    | Killed an ancient lich
 71139 | Zot:5    | Noticed an orb of fire
 71147 | Zot:5    | Gained mutation: You tend to lose your temper in combat. [an orb of fire]
 71161 | Zot:5    | Killed an orb of fire
 71406 | Zot:5    | Noticed an orb of fire
 71409 | Zot:5    | Reached skill level 27 in Fighting
 71409 | Zot:5    | Gained mutation: Your flesh is heat resistant. (rF+) [an orb of fire]
 71412 | Zot:5    | Noticed an orb of fire
 71418 | Zot:5    | Gained mutation: You are very weak. (Str -4) [an orb of fire]
 71419 | Zot:5    | Gained mutation: Your magical capacity is low. (-10% MP) [an orb of fire]
 71420 | Zot:5    | Killed an orb of fire
 71420 | Zot:5    | Gained mutation: You are partially covered in yellow scales. (AC +2) [an orb of fire]
 71429 | Zot:5    | Gained mutation: You evolve. [an orb of fire]
 71431 | Zot:5    | Killed an orb of fire
 71438 | Zot:5    | Lost mutation: You are very weak. (Str -4) [potion of mutation]
 71438 | Zot:5    | Lost mutation: You evolve. [potion of mutation]
 71438 | Zot:5    | Lost mutation: You are partially covered in yellow scales. (AC +2) [potion of mutation]
 71438 | Zot:5    | Lost mutation: Your magical capacity is low. (-10% MP) [potion of mutation]
 71438 | Zot:5    | Lost mutation: Your flesh is heat resistant. (rF+) [potion of mutation]
 71438 | Zot:5    | Lost mutation: You are weak. (Str -2) [potion of mutation]
 71438 | Zot:5    | Gained mutation: You passively map a small area around you. [potion of mutation]
 71438 | Zot:5    | Gained mutation: Your muscles are strong. (Str +2) [potion of mutation]
 71438 | Zot:5    | Gained mutation: Your movements are slightly less encumbered by armour. (ER -2) [potion of mutation]
 71438 | Zot:5    | Gained mutation: Your mind is acute. (Int +2) [potion of mutation]
 71474 | Zot:5    | Received a gift from Trog
 71503 | Zot:5    | Noticed an orb of fire
 71517 | Zot:5    | Killed an orb of fire
 71653 | Zot:5    | Noticed an orb of fire
 71658 | Zot:5    | Lost mutation: Your mind is acute. (Int +2) [an orb of fire]
 71670 | Zot:5    | Killed an orb of fire
 71980 | Zot:5    | Noticed an orb of fire
 71982 | Zot:5    | Gained mutation: Your system is resistant to poisons. (rPois) [an orb of fire]
 71986 | Zot:5    | Gained mutation: You often lose your temper in combat. [an orb of fire]
 71989 | Zot:5    | Gained mutation: You are occasionally teleported next to monsters. [an orb of fire]
 71995 | Zot:5    | Killed an orb of fire
 71996 | Zot:5    | Lost mutation: Your muscles are strong. (Str +2) [potion of mutation]
 71996 | Zot:5    | Lost mutation: Your system is resistant to poisons. (rPois) [potion of mutation]
 71996 | Zot:5    | Lost mutation: You passively map a small area around you. [potion of mutation]
 71996 | Zot:5    | Lost mutation: Your movements are slightly less encumbered by armour. (ER -2) [potion of mutation]
 71996 | Zot:5    | Lost mutation: You often lose your temper in combat. [potion of mutation]
 71996 | Zot:5    | Lost mutation: You are occasionally teleported next to monsters. [potion of mutation]
 71996 | Zot:5    | Gained mutation: You can translocate small distances at will. [potion of mutation]
 71996 | Zot:5    | Gained mutation: You are somewhat resistant to further mutation. [potion of mutation]
 72312 | Zot:5    | Got the Orb of Zot
 72508 | Zot:1    | Noticed Kuury the pandemonium lord
 73127 | D:$      | Escaped with the Orb!

Vault maps used:
D:1:      grunt_arrival_lava_bath, supply_closet_lemuel, amethyst_killhole
D:2:      uniq_jessica, uniq_iyjb, uniq_terence
D:3:      old_standard_altar, first_bread, fedhas_altar_fruit_tree
D:4:      nicolae_ashenzari_panopticon, kennysheep_okawaru_gauntlet,
          minmay_temple_entry_glass, hangedman_feature_mirror
D:5:      zin_academy, yredelemnul_altar_generic,
          chequers_temple_overflow_statue_of_worship
D:6:      nicolae_ossuary_entry_plus, uniq_eustachio
D:7:      lemuel_round_altar, gammafunk_temple_overflow_forgotten,
          kennysheep_generic_room_8, uniq_duvessa
D:8:      kennysheep_mini_moat, special_room, hangedman_little_slice_of_home
D:9:      grunt_qazlal_clouds
D:10:     minmay_lair_entry_grove, nrook_mini_vaults
D:11:     orc_0_dummy, grunt_ministairs_14, minmay_misc_feat_roman,
          nicolae_water_bricks, lightli_corner_chamber
D:13:     erik_vaults_2, serial_shops, kennysheep_mini
D:14:     uniq_nessos
D:15:     hangedman_depths_entry_try_elsewhere_first, tgw_sif, spider_trap,
          uniq_sonja, uniq_louise, uniq_roxanne
Lair:1:   beast_lair_carwin_large_4, basic_altar
Lair:2:   minmay_swamp_entry_worms, minmay_lair_oklob_chamber, uniq_urug
Lair:3:   nicolae_spider_entry_non_spiders, special_room
Lair:4:   lab_entry_generic, ice2_lemuel, uniq_rupert
Lair:5:   hangedman_lair_generics_rect, grunt_megastairs_3
Lair:6:   minmay_lair_end_frog_pond, slime_dummy, patterned_corridor
Swamp:1:  evilmike_swamp_ruin_rubble_1
Swamp:2:  evilmike_swamp_ruin_rubble_2, infiniplex_staircase_pool
Swamp:3:  nicolae_swamp_triple_paths
Swamp:4:  grunt_swamp_rune_castle
Spider:1: nicolae_spider_mines_3, nicolae_spider_ant_collections
Spider:2: uniq_jorgrun, uniq_arachne
Spider:3: spider_trap, nicolae_crawler_farm
Spider:4: spider_rune_water, guppyfry_spider_mini_1
Orc:2:    st_orc_town, basic_altar, lightli_volcano_entry_magma_tube
Vaults:1: dpeg_vaults_monster_row, v_misc_28, nicolae_vaults_ring_of_whatevers,
          grunt_vaults_trifunnel, v_misc_11, nicolae_vaults_puzzle_piece,
          vaults_standard_mumra_enter_the_diamond, v_misc_22, serial_shops, shop
Vaults:2: nicolae_vaults_network_quinsquares, grunt_vaults_twisty, v_pattern_1,
          minmay_crypt_entry_simple_walls, hangedman_vaults_stretched_pinwheel,
          ontoclasm_vaults_twist, special_room_vaults, vaults_room_grid,
          nicolae_vaults_little_squares_2, hangedman_vaults_locks,
          nicolae_vaults_little_squares_5
Vaults:3: v_rooms_3, vaults_room_pools, hangedman_vaults_snaps,
          nicolae_vaults_border_crossing, vaults_room_corners,
          nicolae_vaults_circle_grid_b, nicolae_vaults_theta, serial_shops,
          nicolae_shop_statue_plus
Vaults:4: ontoclasm_vaults_ring_square, v_misc_12, ontoclasm_vaults_pinch,
          vaults_mumra_hex, vaults_mumra_chevron, ontoclasm_vaults_eye,
          special_room_vaults, v_rooms_5, nicolae_vaults_three_branches,
          ontoclasm_vaults_loading_screen, serial_shops, shop
Vaults:5: serial_shops, uniq_jory
Depths:1: kennysheep_ambush_hall, hell_entry, serial_shops, shop,
          minmay_misc_feat_chi, st_stairs_13, tgw_lugonu_bribe,
          minmay_shop_grove, serial_bayou_shore_b, serial_bayou_shore_b,
          serial_bayou_shore_b
Depths:2: grunt_twisty_corner, enter_ziggurat_e, pf_hell_entry_tar_spiral,
          hangedman_decor_clover_reticule, firewood_loft, minmay_shop_star,
          infiniplex_staircase_x, serial_bayou_shore_b
Depths:3: kennysheep_demon_jail, rand_demon_pan_entry_4, hell_entry,
          serial_shops, nicolae_shop_crystal, nicolae_shop_behind_doors,
          st_stairs_13, grunt_megastairs_2
Depths:4: kennysheep_oblong_rooms, hangedman_decor_opposing,
          nicolae_abyss_entry_one_way_or_another, hell_entry,
          serial_bayou_shore_b
Depths:5: grunt_zot_entry_gee_three, abyss_entry, hellmouth_1,
          basic_stair_grate_trap, uniq_frederick
Zot:1:    hangedman_zot_spectrum
Zot:3:    basic_stair_grate_trap
Zot:4:    nicolae_transmutations_shop
Zot:5:    guppyfry_library_mini
Ossuary:  ossuary_minmay_chase
Volcano:  volcano_aerie

Skill      XL: |  1  2  3  4  5  6  7  8  9 10 11 12 13 14 15 16 17 18 19 20 21 22 23 24 25 26 27 |
---------------+----------------------------------------------------------------------------------+-----
Axes           | 4 5 6 7 9 11 12 13 14 16 17 18 19 20 | 20.0
Fighting       | 4 5 6 7 8 9 10 11 12 13 14 15 16 17 18 19 20 21 22 24 26 27 | 27.0
Armour         | 3 4 5 6 8 9 10 11 12 13 14 15 16 17 18 19 20 21 22 23 24 26 | 26.1
Dodging        | 3 4 5 6 7 8 9 10 11 12 13 14 15 17 19 20 21 22 23 | 23.9
Crossbows      | 1 5 7 9 11 12 14 15 16 17 19 20 21 23 24 25 26 | 26.0
Evocations     | 3 5 |  5.6

Action                   |  1- 3 |  4- 6 |  7- 9 | 10-12 | 13-15 | 16-18 | 19-21 | 22-24 | 25-27 || total
-------------------------+-------+-------+-------+-------+-------+-------+-------+-------+-------++-------
Melee: Hand axe          |    63 |   169 |   371 |       |       |       |       |       |       ||   603
       Headbutt          |     6 |    31 |   111 |    97 |   296 |   250 |   261 |   266 |   163 ||  1481
       Battleaxe         |       |       |    21 |   395 |   993 |   702 |   719 |   767 |   463 ||  4060
 Fire: Hand crossbow     |       |       |    12 |     9 |     7 |       |       |       |       ||    28
       Arbalest          |       |       |       |       |   142 |   652 |   585 |   478 |   411 ||  2268
       Triple crossbow   |       |       |       |       |       |       |       |       |   238 ||   238
Invok: Berserk           |     1 |     1 |     4 |     5 |     8 |     8 |     3 |     5 |     1 ||    36
       Trog's Hand       |       |     1 |       |     3 |     1 |     1 |     4 |     9 |     3 ||    22
       Burn Spellbooks   |       |       |     1 |     3 |     4 |     4 |     3 |     7 |     5 ||    27
       Brothers in Arms  |       |       |       |       |       |       |       |     2 |     1 ||     3
 Abil: Evoke Flight      |       |       |       |       |       |     2 |       |       |       ||     2
Evoke: Wand              |       |       |       |       |       |       |       |       |    11 ||    11
  Use: Scroll            |       |     1 |    20 |     4 |    19 |    27 |     9 |     6 |    13 ||    99
       Potion            |       |       |       |     2 |     3 |     2 |     1 |     6 |    10 ||    24
 Stab: Petrified         |       |       |       |       |    11 |       |       |       |       ||    11
       Petrifying        |       |       |       |       |     2 |       |       |       |       ||     2
  Eat: Chunk             |     1 |     7 |    13 |    21 |    41 |    36 |    29 |    36 |    24 ||   208
       Meat ration       |       |       |     1 |       |       |       |       |       |       ||     1
       Bread ration      |       |       |     1 |       |       |       |       |       |       ||     1
       Royal jelly       |       |       |       |     5 |     7 |     7 |     1 |     2 |     3 ||    25
Armor: Animal skin       |     2 |       |       |       |       |       |       |       |       ||     2
       Leather armour    |     3 |       |       |       |       |       |       |       |       ||     3
       Chain mail        |    14 |       |     3 |   167 |   202 |    35 |       |       |       ||   421
       Plate armour      |       |    89 |   148 |       |    97 |   517 |   301 |   175 |       ||  1327
       Gold dragon scale |       |       |       |       |       |       |       |   176 |   249 ||   425
Dodge: Dodged            |    22 |    48 |   117 |   239 |   472 |   683 |   593 |   706 |   483 ||  3363
Block: Other             |       |       |    37 |    59 |   130 |   152 |   102 |   106 |    61 ||   647
       Reflection        |       |       |       |     3 |     8 |     6 |     5 |    13 |       ||    35
